 Dungeon Crawl Stone Soup version 0.25-a0-1024-gbfbf38f2cb (webtiles) character file.

Game seed: 12991739128152135057, levelgen mode: deterministic

312 Flugslaktarn the Chopper (level 6, 0/43 HPs)
             Began as an Octopode Fighter on May 12, 2020.
             Slain by an orc
             ... wielding a +0 club
              (2 damage)
             ... on level 4 of the Dungeon.
             The game lasted 00:01:29 (3557 turns).

Flugslaktarn the Chopper (Octopode Fighter)         Turns: 3557, Time: 00:01:30

Health: 0/43       AC:  1    Str: 15    XL:     6   Next: 42%
Magic:  6/6        EV: 12    Int: 11    God:
Gold:   128        SH:  9    Dex: 13    Spells: 5/5 levels left

rFire    . . .     SeeInvis .   a - +0 war axe
rCold    . . .     Gourm    .   b - +0 kite shield
rNeg     . . .     Faith    .   (helmet restricted)
rPois    .         Spirit   .   (no amulet)
rElec    .         Reflect  .   (no ring)
rCorr    .         Harm     .   (no ring)
MR       .....                  (no ring)
Stlth    ++........             (no ring)
HPRegen  0.14/turn              (no ring)
MPRegen  0.10/turn              (no ring)
                                (no ring)
                                (no ring)

@: mighty, slowed, very slow
A: almost no armour, stealthy swim, amphibious, 8 rings, constrict 8, camouflage
1, gelatinous body 1
a: no special abilities


You were on level 4 of the Dungeon.
You were not hungry.

You visited 1 branch of the dungeon, and saw 4 of its levels.

You collected 128 gold pieces.

Inventory:

Hand Weapons
 a - a +0 war axe (weapon)
Armour
 b - a +0 kite shield (worn)
Jewellery
 j - an uncursed amulet of rage {unknown}
   (You found it on level 2 of the Dungeon)
Scrolls
 f - a scroll of random uselessness {unknown}
 i - a scroll of amnesia {unknown}
 k - a scroll of immolation
 m - a scroll of blinking {unknown}
 o - a scroll of identify {unknown}
 t - a scroll of teleportation
Potions
 c - a potion of brilliance {unknown}
 g - a potion of flight {unknown}
 h - a potion of haste
 l - a potion of degeneration {unknown}
 n - a potion of heal wounds {unknown}
 q - a potion of curing
Comestibles
 e - 5 rations


   Skills:
 + Level 4.1 Fighting
 * Level 4.4 Axes
 + Level 4.0 Dodging
 + Level 4.0 Shields


You had 5 spell levels left.
You didn't know any spells.
Your spell library was empty.

Dungeon Overview and Level Annotations

Branches:
Dungeon (4/15)
 Temple: D:4-7

Altars:
Fedhas
The Shining One

Shops:
D:4 %

Annotations:
D:3 2 transporters, Amnesiac's ghost, weakling DEGl


Innate Abilities, Weirdness & Mutations

You cannot wear most types of armour.
You are very stealthy in the water. (Stealth+)
You are amphibious.
You can wear up to eight rings at the same time.
You can use your tentacles to constrict eight enemies at once.
Your skin changes colour to match your surroundings (Stealth+).
Your rubbery body absorbs attacks. (AC +1, EV +1)


Message History

The orc wizard struggles to blink free from constriction.
The orc completely misses you.
You hit the orc wizard but do no damage.
The orc wizard is heavily wounded.
You hit the orc. You barely miss the centaur. You constrict the orc wizard!
You kill the orc wizard!
The centaur hits you. The centaur hits you!
* * * LOW HITPOINT WARNING * * *
You block the centaur's attack. The orc hits you with a +0 club.
* * * LOW HITPOINT WARNING * * *
The centaur hits you.
* * * LOW HITPOINT WARNING * * *
You are too injured to fight recklessly!
You feel better. You block the orc's attack. You block the centaur's attack.
The orc hits you but does no damage. You block the centaur's attack.
You feel very mighty all of a sudden. The centaur hits you!
* * * LOW HITPOINT WARNING * * *
The orc hits you with a +0 club.
You die...

########+###
####.(.........
....%...c......
#..o@)......
#..).)......
#...........
#...........
#...........
#...........
#.......$...
#∩..........


You could see a centaur and an orc.

Vanquished Creatures
  Sigmund (D:2)
  An orc wizard (D:4)
  5 adders
  An ooze (D:3)
  A worm (D:3)
  2 dart slugs (D:1)
  9 orcs
  A ball python (D:1)
  5 giant cockroaches
  6 goblins
  3 hobgoblins
  12 jackals
  3 quokkas (D:3)
  10 bats
  3 frilled lizards
  6 kobolds
  3 rats (D:1)
72 creatures vanquished.

Notes
Turn   | Place    | Note
-------+----------+-------------------------------------------
     0 | D:1      | Flugslaktarn the Octopode Fighter began the quest for the
                  | Orb.
     0 | D:1      | Reached XP level 1. HP: 16/16 MP: 1/1
   368 | D:1      | Reached XP level 2. HP: 4/21 MP: 2/2
   661 | D:1      | Found a glowing golden altar of the Shining One.
   892 | D:1      | Reached XP level 3. HP: 22/26 MP: 3/3
  1923 | D:2      | Reached XP level 4. HP: 26/31 MP: 4/4
  2047 | D:2      | Found a blossoming altar of Fedhas.
  2216 | D:2      | Noticed Sigmund
  2226 | D:2      | Killed Sigmund
  2226 | D:2      | Reached XP level 5. HP: 24/37 MP: 5/5
  2405 | D:3      | Reached XP level 6. HP: 42/43 MP: 6/6
  2612 | D:3      | Found a faded altar of an unknown god.
  2765 | D:3      | Found a transporter.
  2891 | D:3      | Noticed Amnesiac's ghost (weakling DEGl)
  3120 | D:3      | Found a transporter.
  3411 | D:4      | Found Gohob's Food Boutique.
  3557 | D:4      | HP: 2/43 [centaur (8)]
  3557 | D:4      | Slain by an orc

Illustrated notes

Levels and vault maps discovered:
D:1:      saegor_arrival_simple_d, layout_basic, tso_metal_star
D:2:      layout_rooms, lemuel_round_altar, uniq_sigmund
D:3:      layout_basic, gammafunk_ghost_stat_death,
          chequers_ecumenical_altar_simple_redux
D:4:      layout_basic, serial_shops, shop, first_ration

Skill      XL: |  1  2  3  4  5  6 |
---------------+-------------------+-----
Axes           | 3 4 |  4.4
Fighting       | 4 |  4.1
Dodging        | 4 |  4.0
Shields        | 4 |  4.0

Action                   |  1- 3 |  4- 6 || total
-------------------------+-------+-------++-------
Melee: War axe           |    71 |    66 ||   137
       Constrict         |    17 |    16 ||    33
       Tentacles         |    11 |    15 ||    26
  Use: Scroll            |       |     2 ||     2
       Potion            |       |     5 ||     5
 Stab: Sleeping          |     7 |     1 ||     8
  Eat: Chunk             |     3 |     4 ||     7
       Ration            |       |     1 ||     1
Armor: Skin              |     4 |     7 ||    11
Dodge: Dodged            |    39 |    49 ||    88
Block: Kite shield       |    45 |    40 ||    85

Table legend:
 A = Non-vault XP
 B = Vault XP
 C = Vault XP percentage of total XP
 D = Non-vault monster count
 E = Vault monster count
 F = Vault count percentage of total count
                 A         B        C        D         E       F
            +---------+---------+-------+---------+---------+-------
      Total |     241 |     205 |  46.0 |      71 |       1 |   1.4
            +---------+---------+-------+---------+---------+-------
        D:1 |      58 |       0 |   0.0 |      31 |       0 |   0.0
        D:2 |      51 |     205 |  80.1 |      10 |       1 |   9.1
        D:3 |      84 |       0 |   0.0 |      26 |       0 |   0.0
        D:4 |      48 |       0 |   0.0 |       4 |       0 |   0.0
            +---------+---------+-------+---------+---------+-------
